 Dungeon Crawl Stone Soup version 0.32-a0-42-ga30500b4d3 (webtiles) character file.

Game seed: 9757681912627446763

863 anacleto the Changeling (level 7, -10/100 HPs)
             Began as a Troll Shapeshifter on Jan 28, 2024.
             Was an Initiate of Qazlal.
             Killed from afar by an acid dragon (35 damage)
             ... with a splash of acid
             ... on level 6 of the Dungeon on Jan 29, 2024.
             The game lasted 00:09:50 (5112 turns).

anacleto the Changeling (Troll Shapeshifter)        Turns: 5112, Time: 00:09:51

Health: -10/100    AC: 15    Str: 25    XL:     7   Next: 72%
Magic:  6/6        EV:  1    Int:  6    God:    Qazlal [......]
Gold:   253        SH:  0    Dex:  9    Spells: 6/6 levels left

rFire   . .          .
                       - Unarmed
rCold   + . .        (no shield)
rNeg    . . .        a - melded +0 animal skin
rPois   +            (helmet currently unavailable)
rElec   .            u - melded +0 cloak
rCorr   .            (gloves unavailable)
SInv    .            (boots unavailable)
Will    .....        (no amulet)
Stlth   +            j - ring of protection from cold
HPRegen 1.16/turn    (no ring)
MPRegen 0.10/turn

%: no passive effects
@: tree-form, corroded
A: stationary, stasis, torment immunity, boosted hp, large, unfitting armour,
(claws 3), regeneration 1, (shaggy fur 1), (tough skin 1)
a: Renounce Religion


You were on level 6 of the Dungeon.
You worshipped Qazlal.
Qazlal was noncommittal.
You were a tree.
You visited 2 branches of the dungeon, and saw 8 of its levels.

You collected 253 gold pieces.

Inventory:

Missiles
 t - 4 poisoned darts (quivered)
 A - 5 darts of dispersal
Armour
 a - a +0 animal skin (melded)
 u - a +0 cloak (melded)
Jewellery
 j - a ring of protection from cold (left branch)
 s - an amulet of faith
 v - a ring of positive energy
 x - the ring of Obreter {rPois SInv}
   (You found it on level 6 of the Dungeon)

   [ring of poison resistance]

   rPois:     It protects you from poison SInv: It lets you see invisible.
Talismans
 c - a beast talisman (active)
 d - a flux talisman
Wands
 w - a wand of flame (6)
Scrolls
 b - a scroll of poison
 f - a scroll of amnesia {unknown}
 g - 3 scrolls of teleportation
 h - a scroll of enchant armour {unknown}
 l - a scroll of fog {unknown}
 m - 2 scrolls of immolation {unknown}
 o - 2 scrolls of summoning {unknown}
 p - a scroll of silence {unknown}
 B - 2 scrolls of fear {unknown}
Potions
 e - a potion of ambrosia {unknown}
 i - a potion of attraction
 k - 3 potions of berserk rage {unknown}
 n - 2 potions of curing {unknown}
 q - a potion of cancellation {unknown}
 r - a potion of magic {unknown}


   Skills:
 + Level 3.1 Fighting
 + Level 1.1 Throwing
 + Level 3.4 Dodging
 + Level 4.8 Unarmed Combat
 * Level 5.8 Shapeshifting


You had 6 spell levels left.
You didn't know any spells.
Your spell library contained the following spells:

 Spells                   Type           Power      Damage    Failure   Level
 Magic Dart               Conj           0%         1d3       45%         1
 Blink                    Tloc           0%         N/A       58%         2
 Call Imp                 Summ           0%         N/A       58%         2
 Mercury Vapours          Alch/Air       0%         N/A       58%         2
 Mephitic Cloud           Conj/Alch/Air  0%         N/A       83%         3
 Tukima's Dance           Hex            0%         N/A       83%         3
 Dimensional Bullseye     Hex/Tloc       0%         N/A       99%         4
 Iskenderun's Mystic Bla  Conj/Tloc      0%         2d3       99%         4
 Olgreb's Toxic Radiance  Alch           0%         N/A       99%         4
 Freezing Cloud           Conj/Ice/Air   0%         6-21      100%        5
 Ozocubu's Refrigeration  Ice            0%         4d7       100%        7
 Discord                  Hex            0%         N/A       100%        8


Dungeon Overview and Level Annotations

Branches:
Dungeon (7/15)             Temple (1/1) D:5

Altars:
Ashenzari
Cheibriados
Dithmenos
Fedhas
Gozag
Kikubaaqudgha
Nemelex Xobeh
Okawaru
Qazlal
Ru
Sif Muna
Trog
Uskayaw
Vehumet
Wu Jian
Zin
The Shining One

Shops:
D:2 (


Innate Abilities, Weirdness & Mutations

You are a tree.
Your roots penetrate the ground, keeping you stationary.
You cannot be teleported.
You are immune to unholy pain and torment.
Your maximum health is greatly increased.
Your equipment is partially melded.
You are too large for most types of armour.
((You have claws for hands.))
Your natural rate of healing is unusually fast.
((You are covered in fur. (AC +1)))
((You have tough skin. (AC +1)))


Message History

The acid dragon looks more healthy.
The acid dragon bites you.
The acid dragon claws you but does no damage.
Smack: -) Branches
Press: ? - help, Dir - move target, f/p - acid dragon
Aim: an acid dragon (severely wounded, catching its breath, about 37% to evade your branches)
You completely miss the acid dragon.
The acid dragon is severely wounded.
The acid dragon bites you.
The acid dragon claws you but does no damage.
Smack: -) Branches
Press: ? - help, Dir - move target, f/p - acid dragon
Aim: an acid dragon (severely wounded, catching its breath, about 37% to evade your branches)
You barely miss the acid dragon. Your punch misses the acid dragon.
The acid dragon is severely wounded.
The acid dragon bites you but does no damage.
The acid dragon claws you but does no damage.
Smack: -) Branches
Press: ? - help, Dir - move target, f/p - acid dragon
Aim: an acid dragon (severely wounded, catching its breath, about 37% to evade your branches)
You hit the acid dragon but do no damage.
Your punch misses the acid dragon.
The acid dragon is severely wounded.
The acid dragon bites you but does no damage.
The acid dragon claws you.
Smack: -) Branches
Press: ? - help, Dir - move target, f/p - acid dragon
Aim: an acid dragon (severely wounded, about 37% to evade your branches)
You completely miss the acid dragon.
The acid dragon is severely wounded.
The acid dragon bites you!
* * * LOW HITPOINT WARNING * * *
The acid dragon claws you but does no damage.
Smack: -) Branches
Press: ? - help, Dir - move target, f/p - acid dragon
Aim: an acid dragon (severely wounded, about 37% to evade your branches)
You hit the acid dragon.
The acid dragon is severely wounded.
The acid dragon spits acid at you. The splash of acid hits you!!
You die...

############'##### #.#
....#............# #.#
###.#.#..##......# #.#
#.#.#..##......# #.#
###.#.#..##>.....# #.#
......#..##......# #.#
......#..######### #.#
......#..###########.#
......#.........♣D.#.#
......#.##########(#.#
......#..............#
..)...########.....###
....#...##........D#
#######.##.........#########
........##.................#
######..##.......(###..###.#
........##........(........#


You could see an acid dragon (catching breath).

Vanquished Creatures
  A sky beast (D:5)
  An ogre (D:5)
  A centaur (D:6)
  A phantom (D:4)
  A howler monkey (D:6)
  An orc priest (D:5)
  2 hounds
  4 jellies
  2 iguanas
  4 gnolls
  7 adders
  A white imp (D:5)
  2 ufetubi (D:6)
  2 dart slugs
  11 orcs
  8 endoplasms
  4 giant cockroaches
  4 goblins
  5 hobgoblins
  5 jackals
  11 kobolds
  4 quokkas
  8 ball pythons
  5 bats
  3 frilled lizards
  11 rats
109 creatures vanquished.

Notes
Turn   | Place    | Note
-------+----------+-------------------------------------------
     0 | D:1      | anacleto the Troll Shapeshifter began the quest for the
                  | Orb.
     0 | D:1      | Reached XP level 1. HP: 18/18 MP: 0/0
   112 | D:1      | Reached skill level 1 in Fighting
   129 | D:1      | Reached XP level 2. HP: 27/27 MP: 1/1
   690 | D:2      | Found Rewy's Antique Weapon Emporium.
   701 | D:1      | Reached XP level 3. HP: 33/33 MP: 2/2
   987 | D:2      | Found a faded altar of an unknown god.
  1326 | D:3      | Reached XP level 4. HP: 41/41 MP: 3/3
  1665 | D:3      | Found a snail-covered altar of Cheibriados.
  1833 | D:3      | Reached skill level 4 in Shapeshifting
  1948 | D:3      | Found a sacrificial altar of Ru.
  1969 | D:3      | Reached XP level 5. HP: 49/49 MP: 4/4
  2184 | D:4      | Noticed a phantom
  2201 | D:4      | Killed a phantom
  2238 | D:4      | Reached XP level 6. HP: 55/57 MP: 5/5
  3122 | D:5      | Entered Level 5 of the Dungeon
  3141 | D:5      | Reached skill level 5 in Shapeshifting
  3265 | D:5      | Noticed a sky beast
  3278 | D:5      | Killed a sky beast
  3279 | D:5      | Reached XP level 7. HP: 35/66 MP: 6/6
  3557 | D:5      | Found a staircase to the Ecumenical Temple.
  3581 | Temple   | Entered the Ecumenical Temple
  3591 | Temple   | Became a worshipper of Qazlal Stormbringer
  3678 | D:5      | Found an ornate altar of the Wu Jian Council.
  3678 | D:5      | Found an iron altar of Okawaru.
  3843 | D:6      | Found a shimmering blue altar of Sif Muna.
  3971 | D:6      | Identified the ring of Obreter {rPois SInv}
  4217 | D:6      | Reached skill level 1 in Throwing
  5112 | D:6      | Killed from afar by an acid dragon

Illustrated notes

Levels and vault maps discovered:
D:1:      dpeg_arrival_ratfight, layout_basic, serial_bayou_pond_a
D:2:      layout_rooms, serial_shops, shop,
          shapermc_ecumenical_altar_notcrosses, kennysheep_cluttered_room
D:3:      layout_basic, cheibriados_altar_1, nicolae_ru_path_of_blood,
          st_stairs_2
D:4:      wad_river_or_something, layout_basic, serial_library,
          serial_library_hellmonk_reading_circle,
          serial_library_hellmonk_small_alcove,
          serial_library_hellmonk_open_cross,
          serial_library_hellmonk_recessed_alcove,
          serial_library_hellmonk_semicircle, serial_library_hellmonk_u_bend,
          serial_library_hellmonk_hallway_a,
          serial_library_hellmonk_small_alcove, hangedman_decor_growths
D:5:      layout_loops_ring, gammafunk_temple_overflow_wave,
          minmay_temple_entry_waves
D:6:      layout_basic, nicolae_sif_muna_condensation
D:7:      hangedman_cross_stitches, layout_basic, elyvilon_altar_1,
          nicolae_hepliaklqana_monster_ancestors, chequers_ossuary_entry_cave
Temple:   hellmonk_temple_flake

Skill      XL: |  1  2  3  4  5  6  7 |
---------------+----------------------+-----
Fighting       | 1 2 3 |  3.1
Dodging        | 2 3 |  3.4
Shapeshifting  | 4 5 |  5.8
Unarmed Combat | 4 |  4.8
Throwing       | 1 |  1.1

Action                     |  1- 3 |  4- 6 |  7- 9 || total
---------------------------+-------+-------+-------++-------
  Melee: Unarmed           |   103 |   141 |    52 ||   296
         Punch             |       |     3 |     2 ||     5
  Throw: Dart              |       |       |     4 ||     4
Ability: Begin Untransform |       |     1 |       ||     1
    Use: Scroll            |       |     8 |     2 ||    10
         Potion            |       |     2 |     1 ||     3
 Armour: Animal skin       |    60 |    72 |    45 ||   177
         Skin              |       |    20 |    13 ||    33
  Dodge: Dodged            |    34 |    69 |    28 ||   131
   Form: Beast             |       |     1 |       ||     1

Table legend: (Time is in decaauts)
 A = Elapsed time spent in this place.
 B = Non-inter-level travel time spent in this place.
 C = Inter-level travel time spent in this place.
 D = Time resting spent in this place.
 E = Time spent auto-exploring this place.
 F = Levels seen in this place.
 G = Mean time per level.
                   A        B        C        D        E       F      G
               +--------+--------+--------+--------+--------+-----+--------+
         Total |   5091 |   4848 |    243 |    123 |   3566 |   8 |  636.4 |
       Dungeon |   5068 |   4825 |    243 |    123 |   3566 |   7 |  724.0 |
        Temple |     22 |     22 |      0 |      0 |      0 |   1 |   22.0 |
               +--------+--------+--------+--------+--------+-----+--------+

Top non-repeatable levels by time:
     D:6: 1290 daAuts
     D:4: 1103 daAuts
     D:3: 732 daAuts
     D:1: 719 daAuts
     D:5: 666 daAuts
     D:2: 550 daAuts
  Temple: 22 daAuts
     D:7: 4 daAuts
